 Dungeon Crawl Stone Soup version 0.30-a0-912-ge10d75a369 (webtiles) character file.

Game seed: 8609038495382204258

358 Grim the Grave Robber (level 6, 0/41 HPs)
             Began as a Mummy Necromancer on Mar 19, 2023.
             Slain by a howler monkey (5 damage)
             ... on level 4 of the Dungeon.
             The game lasted 00:11:16 (4508 turns).

Grim the Grave Robber (Mummy Necromancer)           Turns: 4508, Time: 00:11:17

Health: 0/41       AC:  2    Str: 12    XL:     6   Next: 37%
Magic:  2/10       EV: 12    Int: 22    God:
Gold:   286        SH:  0    Dex: 12    Spells: 2/10 levels left

rFire   x . .      SeeInvis .    j - +0 dagger (drain)
rCold   + . .      Faith    +    (no shield)
rNeg    + + +      Spirit   .    a - +0 robe
rPois   ∞          Reflect  .    (no helmet)
rElec   .          Rampage  .    (no cloak)
rCorr   .                        (no gloves)
Will    .....                    (no boots)
Stlth   ++                       (no amulet)
HPRegen 0.26/turn                n - +6 ring of intelligence
MPRegen 0.12/turn                (no ring)

@: no status effects
A: cold resistance 1, negative energy resistance 3, torment resistance 2, heat
vulnerability 1, in touch with death 1, no potions, faith
a: no special abilities


You were on level 4 of the Dungeon.
You visited 1 branch of the dungeon, and saw 4 of its levels.

You collected 286 gold pieces.

Inventory:

Hand Weapons
 j - a +0 dagger of draining (weapon)
Missiles
 b - 5 boomerangs
Armour
 a - a +0 robe (worn)
Jewellery
 f - a ring of flight
 n - a +6 ring of intelligence (left hand)
Wands
 e - a wand of quicksilver (14)
 o - a wand of mindburst (12)
Scrolls
 c - a scroll of brand weapon {unknown}
 d - a scroll of enchant weapon {unknown}
 g - 2 scrolls of noise {unknown}
 h - 2 scrolls of immolation {unknown}
 i - a scroll of blinking {unknown}
 k - 3 scrolls of identify {unknown}
 l - a scroll of vulnerability {unknown}
 m - 2 scrolls of teleportation {unknown}


   Skills:
 * Level 2.5 Short Blades
 - Level 1.5 Dodging
 - Level 1.9 Stealth
 - Level 2.6 Spellcasting
 + Level 6.8 Necromancy


You had 2 spell levels left.
You knew the following spells:

 Your Spells              Type           Power      Damage    Failure   Level
a - Necrotise             Necr           100%       1d9       1%          1
b - Vampiric Draining     Necr           49%        2d9       2%          3
c - Animate Dead          Necr           49%        N/A       8%          4

Your spell library contained the following spells:

 Spells                   Type           Power      Damage    Failure   Level
 Freeze                   Ice            8%         1d3       13%         1
 Blink                    Tloc           4%         N/A       19%         2
 Ensorcelled Hibernation  Hex/Ice        4%         N/A       19%         2
 Passwall                 Tmut/Erth      1%         N/A       19%         2
 Static Discharge         Conj/Air       4%         2-3/arc   19%         2
 Agony                    Necr           49%        N/A       22%         5
 Frozen Ramparts          Ice            4%         1d1       36%         3
 Hailstorm                Conj/Ice       2%         3d3       36%         3
 Swiftness                Air            2%         N/A       36%         3
 Vhi's Electric Charge    Tloc/Air       4%         N/A       36%         3
 Manifold Assault         Tloc           2%         N/A       77%         4
 Arcjolt                  Conj/Air       1%         1d11      98%         5
 Plasma Beam              Fire/Air       1%         2x1d12    98%         5
 Storm Form               Tmut/Air       Unusable   N/A       N/A         7

Dungeon Overview and Level Annotations

Branches:
Dungeon (4/15)
 Temple: D:4-7

Altars:
Okawaru
Yredelemnul

Annotations:
D:4 3 runed translucent doors


Innate Abilities, Weirdness & Mutations

You are immune to poison.
Your flesh is cold resistant. (rC+)
You are immune to negative energy. (rN+++)
You are immune to unholy pain and torment.
You are vulnerable to heat. (rF-)
You are in touch with the powers of death.
You do not drink.
You have a special connection with the divine. (Faith)


Message History

Casting: Vampiric Draining (dangerous; 2% risk of failure)
Confirm with . or Enter, or press ? or * to list all spells.
Aiming: Necrotise (safe; 1% risk of failure)
Press: ? - help, Shift-Dir - straight line, f - howler monkey
Aim: a howler monkey (catching its breath, chance to affect: 88%)
You feel a surge of power!
The howler monkey writhes in agony.
The howler monkey barely misses you.
An endoplasm comes into view.
Casting: Necrotise (safe; 1% risk of failure)
Confirm with . or Enter, or press ? or * to list all spells.
Aiming: Necrotise (safe; 1% risk of failure)
Press: ? - help, Shift-Dir - straight line, f/p - howler monkey
Aim: a howler monkey (moderately wounded, catching its breath, chance to affect: 88%)
You feel a surge of power!
The howler monkey writhes in agony!
The howler monkey hits you.
* * * LOW HITPOINT WARNING * * *
The howler monkey hits you.
* * * LOW HITPOINT WARNING * * *
The howler monkey attacks as you move away!
The howler monkey barely misses you.
A kobold comes into view. It is wielding a +0 club.
The howler monkey attacks as you move away!
The howler monkey completely misses you.
The howler monkey hoots and howls with incredible vigour!
The howler monkey attacks as you move away!
The howler monkey barely misses you.
The howler monkey hoots and howls with incredible vigour!
You hear a shout!
The howler monkey attacks as you move away!
The howler monkey closely misses you.
The howler monkey hoots and howls with incredible vigour!
You hear a shout!
You hear the rapid rusting of a very distant drain.
The howler monkey hits you.
* * * LOW HITPOINT WARNING * * *
The howler monkey attacks as you move away!
The howler monkey completely misses you.
The howler monkey attacks as you move away!
The howler monkey hits you.
You die...

......## #..####......#
.).#...#
##....###......
_..##..#######
#..............
.).#....#....#
#..............
......#......#
#..###.........
##....##...#.## ##.##
#####.....
#......#).##..####..#
.....###...
...#.....)###..#...##
.......##..
.#######....#..h@..#
..###....##. .#
#...(..J###..#...
#....#. .## ##.K....#
...# #....#.
..######..#...##....#
##...+.
....J....##..###.#..#Z
#...+.
....#..........#...##.#
#...+.
....##..######.....# .#
#...#. ...###.## #....#
# #....#. ..J##..# .#.
#....##.


You could see a howler monkey, a water moccasin simulacrum, an endoplasm and a
kobold.

Vanquished Creatures
  A bullfrog (D:4)
  A hound (D:4)
  A jelly (D:3)
  2 orc wizards
  Natasha (D:4)
  4 adders
  3 worms
  A dart slug (D:1)
  6 orcs
  6 endoplasms
  2 giant cockroaches
  11 goblins
  13 hobgoblins
  5 jackals
  3 quokkas
  9 ball pythons
  8 bats
  3 frilled lizards (D:2)
  7 kobolds
  6 rats
  A spectral orc (D:3)
94 creatures vanquished.

Vanquished Creatures (collateral kills)
  2 orcs (D:4)
  An endoplasm (D:1)
  A goblin (D:2)
  2 jackals
  A ball python (D:1)
7 creatures vanquished.

Grand Total: 101 creatures vanquished

Notes
Turn   | Place    | Note
-------+----------+-------------------------------------------
     0 | D:1      | Grim the Mummy Necromancer began the quest for the Orb.
     0 | D:1      | Reached XP level 1. HP: 13/13 MP: 4/4
   108 | D:1      | Reached XP level 2. HP: 19/19 MP: 3/5
   844 | D:1      | Found a faded altar of an unknown god.
   847 | D:1      | Reached skill level 5 in Necromancy
   867 | D:1      | Gained mutation: You are in touch with the powers of death.
                  | [Mummy growth]
   867 | D:1      | Reached XP level 3. HP: 24/24 MP: 4/7
  1323 | D:1      | Learned a level 3 spell: Vampiric Draining
  2047 | D:2      | Reached XP level 4. HP: 30/30 MP: 5/8
  2918 | D:3      | Reached skill level 6 in Necromancy
  3033 | D:3      | Reached XP level 5. HP: 30/35 MP: 4/9
  3170 | D:3      | Learned a level 4 spell: Animate Dead
  3916 | D:3      | Found a basalt altar of Yredelemnul.
  3994 | D:4      | Found a runed translucent gate.
  3994 | D:4      | Found a runed translucent gate.
  3994 | D:4      | Found a runed translucent gate.
  4002 | D:4      | Reached skill level 1 in Short Blades
  4263 | D:4      | Reached XP level 6. HP: 19/41 MP: 2/10
  4351 | D:4      | Found an iron altar of Okawaru.
  4359 | D:4      | Identified the +6 mace "Wenil" {drain, rN+ Str+4 Dex+3}
  4468 | D:4      | Noticed Natasha
  4480 | D:4      | Killed Natasha
  4488 | D:4      | HP: 2/41 [howler monkey (5)]
  4508 | D:4      | Slain by a howler monkey

Illustrated notes

Levels and vault maps discovered:
D:1:      shiori_arrival_elements, layout_basic,
          chequers_ecumenical_altar_island
D:2:      cheibrodos_greedy_goblins, layout_basic,
          minmay_misc_feat_secret_circle
D:3:      layout_basic, yredelemnul_forgotten_temple_becter, minmay_fountain_box
D:4:      layout_cave_pools, chei_slow_surprise, okawaru_ov_weapons_minmay,
          lightli_sewer_entry_pipes, gammafunk_ghost_icy,
          kennysheep_cross_bottleneck, uniq_natasha

Skill      XL: |  1  2  3  4  5 |
---------------+----------------+-----
Necromancy     | 5 6 |  6.8
Short Blades   | 2 |  2.5
Dodging        | |  1.5
Stealth        | |  1.9
Spellcasting   | |  2.6

Action                     |  1- 3 |  4- 6 || total
---------------------------+-------+-------++-------
  Melee: Unarmed           |     9 |    10 ||    19
         Dagger            |       |    32 ||    32
   Cast: Necrotise         |    82 |    86 ||   168
         Vampiric Draining |       |     1 ||     1
  Evoke: Wand              |       |     1 ||     1
 Armour: Robe              |     1 |     8 ||     9
  Dodge: Dodged            |    15 |    47 ||    62

Table legend: (Time is in decaauts)
 A = Elapsed time spent in this place.
 B = Non-inter-level travel time spent in this place.
 C = Inter-level travel time spent in this place.
 D = Time resting spent in this place.
 E = Time spent auto-exploring this place.
 F = Levels seen in this place.
 G = Mean time per level.
                   A        B        C        D        E       F      G
               +--------+--------+--------+--------+--------+-----+--------+
         Total |   4508 |   4428 |     80 |    851 |   2870 |   4 | 1127.0 |
       Dungeon |   4508 |   4428 |     80 |    851 |   2870 |   4 | 1127.0 |
               +--------+--------+--------+--------+--------+-----+--------+

Top non-repeatable levels by time:
     D:3: 1366 daAuts
     D:1: 1333 daAuts
     D:2: 1297 daAuts
     D:4: 511 daAuts
